 Dungeon Crawl Stone Soup version 0.27-a0-988-g25969acef8 (webtiles) character file.

Game seed: 14244251368070051283

10 tardwrangler69 the Chiller (level 2, 0/19 HPs)
             Began as a Merfolk Ice Elementalist on Apr 15, 2021.
             Succumbed to a goblin's poison
             ... on level 1 of the Dungeon.
             The game lasted 00:00:32 (665 turns).

tardwrangler69 the Chiller (MfIE)                    Turns: 665, Time: 00:00:32

Health: 0/19       AC:  2    Str:  8    XL:     2   Next: 20%
Magic:  3/5        EV: 13    Int: 14    God:
Gold:   19         SH:  0    Dex: 14    Spells: 4/5 levels left

rFire    . . .     SeeInvis .   d - +0 dagger (venom)
rCold    . . .     Faith    .   (no shield)
rNeg     . . .     Spirit   .   a - +0 robe
rPois    .         Reflect  .   (no helmet)
rElec    .         Harm     .   (no cloak)
rCorr    .         Rampage  .   (no gloves)
Will     .....                  (no boots)
Stlth    ++........             (no amulet)
HPRegen  0.06/turn              (no ring)
MPRegen  0.09/turn              (no ring)

@: lethally poisoned (0 -> -3)
A: (nimble swimmer 2), mertail
a: no special abilities


You were on level 1 of the Dungeon.
You visited 1 branch of the dungeon, and saw 1 of its levels.

You collected 19 gold pieces.

Inventory:

Hand Weapons
 d - a +0 dagger of venom (weapon)
Armour
 a - a +0 robe (worn)
Scrolls
 b - a scroll of immolation {unknown}
 c - a scroll of teleportation {unknown}


   Skills:
 + Level 3.0 Dodging
 - Level 2.1 Stealth
 + Level 2.1 Spellcasting
 * Level 4.7 Ice Magic


You had 4 spell levels left.
You knew the following spells:

 Your Spells              Type           Power      Damage    Failure   Level
a - Freeze                Ice            56%        1d7       3%          1

Your spell library contained the following spells:

 Spells                   Type           Power      Damage    Failure   Level
 Frozen Ramparts          Ice            28%        1d4       10%         3
 Ozocubu's Armour         Ice            14%        N/A       10%         3
 Beastly Appendage        Tmut           2%         N/A       24%         1
 Wereblood                Tmut           1%         N/A       34%         2
 Spider Form              Tmut/Pois      0%         N/A       56%         3
 Hailstorm                Conj/Ice       8%         3d4       65%         4
 Ice Form                 Ice/Tmut       8%         N/A       65%         4
 Metabolic Englaciation   Hex/Ice        4%         N/A       94%         5
 Hydra Form               Tmut           0%         N/A       100%        5


Dungeon Overview and Level Annotations

Branches:
Dungeon (1/15)

Altars:


Innate Abilities, Weirdness & Mutations

((You are quick and stealthy near water. (Stealth+, EV+, Speed+++)))
Your lower body shifts to a powerful aquatic tail in water.


Message History

The goblin shouts!
The goblin is moderately wounded.
The goblin hits you but does no damage.
You are poisoned.
You barely miss the goblin.
The goblin is moderately wounded.
You feel very sick.
The goblin hits you with a +0 dagger of venom.
You are lethally poisoned!
Casting: Freeze (safe; 3% risk of failure)
Confirm with . or Enter, or press ? or * to list all spells.
Aiming: Freeze (safe; 3% risk of failure)
Press: ? - help, Shift-Dir - straight line, f/p - goblin
Aim: a goblin, wielding a +0 dagger of venom (moderately wounded)
You freeze the goblin.
You kill the goblin!
You feel very sick.
Casting: Freeze (safe; 3% risk of failure)
Confirm with . or Enter, or press ? or * to list all spells.
You can't see any susceptible monsters within range! (Use Z to cast anyway.)
Casting: Freeze (safe; 3% risk of failure)
Confirm with . or Enter, or press ? or * to list all spells.
You can't see any susceptible monsters within range! (Use Z to cast anyway.)
You feel very sick.
Things that are here:
a +0 dagger of venom; a goblin corpse
d - a +0 dagger of venom You feel sick.
Your +0 dagger of venom begins to drip with poison!
d - a +0 dagger of venom (weapon)
* * * LOW HITPOINT WARNING * * *
You feel sick.
* * * LOW HITPOINT WARNING * * *
You feel sick.
* * * LOW HITPOINT WARNING * * *
You feel sick.
* * * LOW HITPOINT WARNING * * *
You feel sick.
Found a short sword.
You die...

# #)###.####
.......@.######
#.....##...†..# #.###
#.####.# #.# .#..#
#'#######+# #.# ....#
##.........##
#.###.#..###...#####...#
#.##.######.#.#.###.#.#.
#.##.. ##.##.##.#.##.##
#.##.# ##.###.###.###.##


There were no monsters in sight!

Vanquished Creatures
  3 ball pythons (D:1)
  A bat (D:1)
  A goblin (D:1)
  A kobold (D:1)
  A frilled lizard (D:1)
  2 rats (D:1)
9 creatures vanquished.

Notes
Turn   | Place    | Note
-------+----------+-------------------------------------------
     0 | D:1      | tardwrangler69 the Merfolk Ice Elementalist began the quest
                  | for the Orb.
     0 | D:1      | Reached XP level 1. HP: 13/13 MP: 3/3
   294 | D:1      | Found a faded altar of an unknown god.
   438 | D:1      | Reached XP level 2. HP: 13/19 MP: 3/5
   665 | D:1      | Succumbed to a goblin's poison

Illustrated notes

Levels and vault maps discovered:
D:1:      roderic_octagonal_star, layout_loops_ring,
          hellmonk_ecumenical_altar_heavens_door

Skill      XL: |  1  2 |
---------------+-------+-----
Dodging        | 3 |  3.0
Stealth        | |  2.1
Spellcasting   | |  2.1
Ice Magic      | |  4.7

Action                   || total
-------------------------++-------
Melee: Unarmed           ||    33
 Cast: Freeze            ||     7
 Stab: Sleeping          ||     2
Armor: Robe              ||    23
Dodge: Dodged            ||    30

Table legend: (Time is in decaauts)
 A = Elapsed time spent in this place.
 B = Non-inter-level travel time spent in this place.
 C = Inter-level travel time spent in this place.
 D = Time resting spent in this place.
 E = Time spent auto-exploring this place.
 F = Levels seen in this place.
 G = Mean time per level.
                   A        B        C        D        E       F      G
               +--------+--------+--------+--------+--------+-----+--------+
         Total |    664 |    664 |      0 |      0 |    573 |   1 |  664.0 |
       Dungeon |    664 |    664 |      0 |      0 |    573 |   1 |  664.0 |
               +--------+--------+--------+--------+--------+-----+--------+

Top non-repeatable levels by time:
     D:1: 664 daAuts
